 Dungeon Crawl Stone Soup version 0.19-a0-1008-g4c63d25 (webtiles) character file.

649421 Narqulie the Minotaur Barricade (level 27, -3/405 (409) HPs)
             Began as a Minotaur Fighter on July 21, 2016.
             Was an Elder of Okawaru.
             Splashed by an acid blob's acid (10 damage)
             ... created by the Royal Jelly
             ... on level 4 of the Pits of Slime on July 22, 2016.
             The game lasted 04:47:32 (66279 turns).

Narqulie the Minotaur Barricade (Minotaur Fighter) Turns: 66279, Time: 04:47:32

HP:   -3/405 (409)  AC: 25    Str: 37    XL:     27
MP:   32/32         EV: 29    Int: 10    God:    Okawaru [****..]
Gold: 1924          SH:  0    Dex: 13    Spells: 0 memorised, 26 levels left

rFire  + + +     SeeInvis +     H - +2 triple sword "Naupnuomue" {venom, Stlth+}
rCold  + . .     Gourm    .     f - +5 gold dragon armour
rNeg   . . .     Faith    .     (shield currently unavailable)
rPois  +         Spirit   .     (helmet restricted)
rElec  +         Dismiss  .     R - +3 cloak "Awni Koe" {rF+ Int+2}
rCorr  .         Reflect  .     s - +0 pair of gloves "Suitegorus" {Regen+ SInv}
SustAt .         Harm     .     e - +4 pair of boots "Pechusui" {Regen+ Int+3 Dex+3}
MR     ++...     Clarity  +     S - amulet of the Air {Inacc +Fly rElec EV+5 RMsl}
Stlth  ..........               V - +5 ring of evasion
                                y - ring "Agujimiz" {+Fly rPois rF+ Slay+2 SInv}

@: berserking (expiring), heroism, corroded, very slightly contaminated,
non-regenerating, diseased, hasted, repel missiles, very quick, very resistant
to hostile enchantments, extremely unstealthy
A: retaliatory headbutt, horns 2, clarity, clumsy 1, deterioration 2, screaming
1, no device heal 1, MP-powered wands
a: Heroism, Renounce Religion, Evoke Flight
}: 3/15 runes: decaying, serpentine, silver


You were on level 4 of the Pits of Slime.
You worshipped Okawaru.
Okawaru was greatly pleased with you.
You were not hungry.

You visited 15 branches of the dungeon, and saw 60 of its levels.
You visited the Abyss 3 times.
You also visited: Ossuary and Wizlab.

You collected 6377 gold pieces.
You spent 4453 gold pieces at shops.

Inventory:

Hand Weapons
 H - the +2 triple sword "Naupnuomue" (weapon) {venom, Stlth+}
   (Okawaru gifted it to you on level 4 of the Vaults)

   It poisons the flesh of those it strikes.
   It makes you more stealthy.
Armour
 d - a +2 plate armour of magic resistance
 e - the +4 pair of boots "Pechusui" (worn) {Regen+ Int+3 Dex+3}
   (You found it on level 1 of the Lair of Beasts)

   It affects your intelligence (+3).
   It affects your dexterity (+3).
   It increases your rate of regeneration.
 f - a +5 gold dragon armour (worn)
 q - the +1 plate armour "Kownyen" {MR+ Slay+5 Stlth-}
   (You found it on level 3 of the Elven Halls)

   It affects your accuracy and damage with ranged weapons and melee attacks
   (+5).
   It affects your resistance to hostile enchantments.
   It makes you less stealthy.
 s - the +0 pair of gloves "Suitegorus" (worn) {Regen+ SInv}
   (You found it on level 8 of the Dungeon)

   It lets you see invisible.
   It increases your rate of regeneration.
 R - the +3 cloak "Awni Koe" (worn) {rF+ Int+2}
   (Okawaru gifted it to you on level 5 of the Lair of Beasts)

   It affects your intelligence (+2).
   It protects you from fire.
Jewellery
 y - the ring "Agujimiz" (left hand) {+Fly rPois rF+ Slay+2 SInv}
   (You bought it in a shop on level 5 of the Depths)

   [ring of poison resistance]

   It affects your accuracy and damage with ranged weapons and melee attacks
   (+2).
   It protects you from fire.
   It protects you from poison.
   It lets you see invisible.
   It lets you fly.
 S - the amulet of the Air (around neck) {Inacc +Fly rElec EV+5 RMsl}
   (You bought it in a shop on level 2 of the Elven Halls)

   [amulet of inaccuracy]

   It reduces the accuracy of all your attacks.
   It affects your evasion (+5).
   It insulates you from electricity.
   It lets you fly.
   It protects you from missiles.
 V - a +5 ring of evasion (right hand)
Wands
 g - a wand of flame (19/48)
 n - a wand of disintegration (16/24)
 x - a wand of lightning (3/15)
 A - a wand of acid (8/15)
 M - a wand of heal wounds (0/9)
 P - a wand of hasting (1/9)
 Y - a wand of iceblast (9/15)
Scrolls
 c - 4 scrolls of holy word
 h - a scroll of blinking
 m - 25 scrolls of remove curse
 t - 2 scrolls of magic mapping
 w - 11 scrolls of fear
 B - 6 scrolls of enchant weapon
 C - a scroll of fog
 F - 13 scrolls of identify
 G - 2 scrolls of amnesia
 N - 2 scrolls of brand weapon
 X - 3 scrolls of teleportation
Potions
 i - a potion of brilliance
 j - a potion of haste
 l - 7 potions of ambrosia
 r - 4 potions of curing
 W - 5 potions of flight
Comestibles
 p - 23 meat rations


   Skills:
 O Level 27 Fighting
 O Level 27 Long Blades
 + Level 22.6(27) Armour
 + Level 14.9(19.9) Dodging
 O Level 27 Shields
 + Level 13.4 Invocations
 + Level 4.7 Evocations


You had 26 spell levels left.
You didn't know any spells.

Dungeon Overview and Level Annotations

Branches:
Dungeon (15/15)            Temple (1/1) D:4            Lair (6/6) D:11
  Swamp (4/4) Lair:2        Snake (4/4) Lair:3        Slime (5/5) Lair:5
    Orc (2/2) D:11            Elf (3/3) Orc:2        Vaults (5/5) D:14
  Crypt (3/3) Vaults:3       Tomb (1/3) Crypt:3      Depths (5/5) D:15
   Hell (1/1)                 Dis (0/7) Hell            Geh (1/7) Hell
    Coc (0/7) Hell            Tar (0/7) Hell            Zot (4/5) Depths:5

Altars:
Ashenzari
Cheibriados
Dithmenos
Elyvilon
Fedhas
Gozag
Hepliaklqana
Kikubaaqudgha
Makhleb
Nemelex Xobeh
Okawaru
Pakellas
Qazlal
Ru
Sif Muna
Trog
Uskayaw
Vehumet
Xom
Yredelemnul
Zin
The Shining One
Beogh
Jiyva

Shops:
Orc:1 %   Orc:2 [*(=   Elf:2 *(=   Elf:3 !   Vaults:1 :*   Vaults:2 [
Vaults:4 *   Vaults:5 %   Depths:1 **=   Depths:5 }}=

Portals:
Hell: Depths:1 Depths:2 Depths:3 Depths:4 Depths:5
Abyss: Depths:4
Pandemonium: Depths:3 Depths:5
Ziggurat: Depths:1
Trove: Elf:2 (give +3 gold dragon armour)

Annotations:
D:4 Natasha
Swamp:3 exclusion: Roxanne, Roxanne
Slime:5 Royal Jelly


Innate Abilities, Weirdness & Mutations

You reflexively headbutt those who attack you in melee.
You have a pair of horns on your head.
You possess an exceptional clarity of mind.
You are clumsy. (Dex -2)
Your body often deteriorates upon taking damage.
You occasionally shout uncontrollably at your foes.
Potions and wands are less effective at restoring your health.
You expend magic power (3 MP) to strengthen your wands.


Message History

That felt strangely unrewarding.
The acid blob hits you!!
* * * LOW HITPOINT WARNING * * *
You are splashed with acid!
The acid burns!
* * * LOW HITPOINT WARNING * * *
The azure jelly completely misses you.
You riposte.
You closely miss the azure jelly.
You headbutt the azure jelly, but do no damage.
The azure jelly is lightly wounded.
The azure jelly completely misses you. The azure jelly misses you.
The azure jelly hits you.
* * * LOW HITPOINT WARNING * * *
You barely miss the acid blob.
The acid blob is lightly wounded.
You are too berserk!
You hit the acid blob.
The acid blob is poisoned.
Your hands burn!
* * * LOW HITPOINT WARNING * * *
The acid blob is lightly wounded.
The acid blob spits acid at you. The splash of acid hits you!
The acid corrodes you!
The acid burns!
You die...

##.##...##...#.........##
#.............#....#.....
######...............#..#.#...
##.#...........#...............
#.......#......................
##.....#.......................
##........#...........#.......
##..........#..J.............#.
#.............@................
#....#........J.....#...........
#....###...#..........#..........
##.## ##.###.........##.#.###...
## ### ###............#####.
##............# ##
###...........# ##.#.....#....##
#......###...##


You could see an acid blob and an azure jelly.

Vanquished Creatures
  Mara (Depths:1)
  4 ancient liches
  2 juggernauts (Depths:3)
  Sojobo (Crypt:3)
  Margery (Vaults:3)
  A curse toe (Crypt:3)
  9 caustic shrikes
  Bai Suzhen (Depths:2)
  Saint Roka (Elf:3)
  Nikola (Depths:1)
  Geryon (Hell)
  Jory (Vaults:4)
  6 golden dragons
  A bone dragon (Depths:5)
  3 electric golems
  6 liches
  6 tentacled monstrosities
  Rupert (D:15)
  5 titans
  4 quicksilver dragons
  3 deep elf blademasters
  A tentacled starspawn (Abyss:3)
  9 death cobs
  19 acid blobs
  4 ancient champions
  The ghost of blinkfrog the Blocker, an adept FoFi of Cheibriados (D:15)
  5 sphinxes
  5 draconian monks
  8 tengu reavers
  2 revenants
  8 storm dragons
  6 greater nagas
  8 azure jellies
  12 fire giants
  5 shadow dragons
  5 draconian knights
  A ghost moth (Zot:3)
  16 vault wardens
  8 frost giants
  Louise (Swamp:1)
  5 deep elf sorcerers
  Aizul (Elf:2)
  2 iron dragons
  4 draconian scorchers
  10 ghouls (Crypt:2)
  3 draconian zealots
  2 draconian shifters
  4 reapers
  4 curse skulls
  The ghost of Conn321 the Eclecticist, a journeyman DEFE of Sif Muna (Elf:2)
  10 very ugly things
  5 deep elf elementalists
  23 stone giants
  5 spriggan defenders
  18 ironheart preservers
  4 war gargoyles
  9 vampire knights
  6 deep elf demonologists
  8 black draconians
  4 purple draconians
  Nessos (D:14)
  6 green draconians
  Azrael (D:15)
  7 red draconians
  2 yellow draconians
  A lorocyproca (Hell)
  10 deep elf annihilators
  3 mottled draconians
  7 spark wasps
  4 white draconians
  6 eidola
  8 deep elf death magi
  3 blizzard demons
  A crystal guardian (WizLab)
  18 ettins
  8 jiangshi
  The ghost of Herrn the Grappler, a journeyman TrEE of Okawaru (D:11)
  8 death oozes
  Josephine (Lair:5)
  18 yaktaur captains
  14 fire dragons
  A green death (Depths:5)
  A kraken zombie (Hell)
  Erolcha (Orc:1)
  13 great orbs of eyes
  4 deep elf high priests
  28 vault guards
  3 ghost crabs
  Harold (Orc:1)
  19 hydras
  3 spriggan air magi
  7 rakshasas
  A catoblepas (D:15)
  A hell beast (Hell)
  15 naga warriors
  16 ice dragons
  11 anacondas
  10 centaur warriors
  An anaconda (shapeshifter) (Vaults:5)
  Erica (D:10)
  2 death knights
  41 dancing weapons
  14 deep troll shamans
  11 alligators
  8 ogre magi
  6 tengu warriors
  12 vampire magi
  7 death yaks
  2 hell hogs (Hell)
  4 thrashing horrors
  12 deep troll earth magi
  6 orc high priests (Orc:2)
  9 spriggan berserkers
  2 titan zombies
  A shock serpent (shapeshifter) (Vaults:5)
  Urug (Lair:2)
  11 skeletal warriors
  A storm dragon zombie (Crypt:2)
  11 shock serpents
  5 soul eaters
  26 deep elf knights
  24 naga sharpshooters
  20 hell knights
  2 sun demons
  2 titan skeletons
  2 wretched stars
  6 iron golems
  Nergalle (Lair:3)
  A fire crab (Lair:5)
  3 salamander mystics
  3 iron trolls
  7 flayed ghosts
  3 anaconda zombies
  A spark wasp zombie (Hell)
  3 unseen horrors
  2 unseen horrors (shapeshifter)
  A wizard (Vaults:2)
  5 shadow wraiths
  2 storm dragon skeletons
  3 giant orange brains
  A golden dragon zombie (Hell)
  A spriggan druid (Swamp:3)
  16 deep elf archers
  11 naga ritualists
  2 sea snakes (shapeshifter)
  12 swamp dragons
  6 harpies
  25 deep trolls
  7 hill giants
  12 necromancers
  An anubis guard (shapeshifter) (Depths:3)
  11 ironbrand convokers
  4 shambling mangroves
  6 mana vipers
  7 phantasmal warriors
  A shadow dragon zombie (Hell)
  A golden dragon skeleton (Crypt:2)
  54 ugly things
  A harpy (shapeshifter) (Vaults:2)
  3 fire giant zombies (Hell)
  3 orc sorcerers
  7 wolf spiders
  A shadow dragon skeleton (Crypt:1)
  11 orc knights
  83 deep elf magi
  7 hornets
  2 manticores
  A stone giant zombie (Hell)
  An iron dragon zombie (Hell)
  8 griffons
  10 salamanders
  4 cyclopes
  7 shining eyes
  2 frost giant zombies (Hell)
  A hornet (shapeshifter) (Depths:4)
  16 moths of wrath
  An octopode (shapeshifter) (Depths:3)
  7 elephants
  A dire elephant zombie (Hell)
  46 black mambas
  8 rust devils
  8 vault sentinels
  7 eyes of devastation
  4 large abominations
  9 gargoyles
  4 smoke demons
  2 ice statues (Depths:2)
  28 naga magi
  3 guardian serpents
  A torpor snail (Lair:3)
  An alligator snapping turtle zombie (Crypt:2)
  16 spiny frogs
  4 spectral swamp worms
  The ghost of clown the Grave Robber, a novice DsNe of Uskayaw (D:5)
  2 hellions
  3 efreet
  A yaktaur zombie (Hell)
  56 yaktaurs
  A demonic crawler (Depths:1)
  A black draconian skeleton (Crypt:3)
  3 ice devils
  12 komodo dragons
  An iron troll zombie (Crypt:1)
  A pale draconian skeleton (Crypt:1)
  3 kobold demonologists
  3 small abominations
  An anaconda simulacrum (Hell)
  6 freezing wraiths
  A death yak skeleton (Crypt:3)
  A human skeleton (Vaults:4)
  A jumping spider (D:14)
  6 tengu conjurers
  A guardian mummy (Crypt:3)
  A queen bee (shapeshifter) (Depths:3)
  12 trolls
  5 polar bears
  6 giant leeches
  5 red devils
  An iron troll skeleton (Crypt:2)
  A sea snake skeleton (Crypt:1)
  A meliai (shapeshifter) (Elf:1)
  16 two-headed ogres
  A death drake zombie (Crypt:3)
  123 slime creatures
  6 boulder beetles
  An iron dragon simulacrum (Hell)
  4 raiju (Abyss:3)
  A wind drake (shapeshifter) (Vaults:1)
  8 bog bodies
  An alligator zombie (Hell)
  3 blink frogs (Swamp:3)
  A raiju (shapeshifter) (Elf:1)
  2 frost giant simulacra
  A fire giant simulacrum (Crypt:2)
  3 harpy skeletons
  An ice dragon skeleton (Crypt:1)
  3 spriggan zombies
  2 meliai zombies (D:14)
  A fire dragon zombie (Hell)
  9 air elementals
  2 hydra skeletons (Hell)
  A spriggan (shapeshifter) (Depths:3)
  27 spriggans
  An alligator skeleton (Crypt:2)
  A fire dragon skeleton (Crypt:3)
  Sigmund (D:3)
  An ettin skeleton (Depths:2)
  A redback (shapeshifter) (Vaults:3)
  3 shadows
  A tarantella (shapeshifter) (Depths:3)
  6 flying skulls
  4 redbacks
  A spriggan simulacrum (Depths:2)
  3 water elementals
  A vampire (D:14)
  47 yaks
  3 basilisks
  2 ynoxinuls
  A basilisk (shapeshifter) (Depths:4)
  15 wraiths
  3 wyverns
  A fire bat (D:13)
  4 golden eyes
  2 hungry ghosts
  A chaos spawn (Depths:5)
  A steam dragon (D:10)
  10 fire elementals
  10 hippogriffs
  22 vampire mosquitoes
  Grum (D:8)
  A yaktaur simulacrum (Vaults:4)
  11 insubstantial wisps
  8 wargs
  3 mottled dragons
  20 swamp worms
  A deep troll skeleton (Crypt:1)
  A soldier ant (D:14)
  52 nagas
  9 water moccasins
  8 hell hounds
  A hydra simulacrum (Hell)
  5 porcupines
  A hell hound (shapeshifter) (Vaults:5)
  3 giant eyeballs
  14 swamp drakes
  22 orc warriors
  3 spiny frog skeletons (Hell)
  A wasp (shapeshifter) (D:14)
  4 black bears
  11 ice beasts
  9 starcursed masses (Abyss:3)
  A swamp dragon zombie (Abyss:3)
  An ettin simulacrum (Crypt:2)
  6 eyes of draining
  4 necrophages
  3 phantoms
  2 sky beasts
  23 wasps
  17 centaurs
  36 ogres
  11 boggarts
  21 wolves
  14 crocodiles
  A swamp dragon skeleton (Crypt:2)
  3 big kobolds
  An elephant skeleton (Crypt:3)
  18 giant frogs
  7 earth elementals
  A hell hound zombie (Crypt:3)
  15 scorpions
  A water moccasin skeleton (Crypt:1)
  A wyvern skeleton (D:13)
  A yak zombie (Crypt:3)
  A queen bee zombie (Crypt:1)
  A warg skeleton (Crypt:2)
  68 killer bees
  21 wights
  4 spriggan skeletons
  13 howler monkeys
  A troll skeleton (D:11)
  3 electric eels
  A lava snake (Lair:3)
  6 crimson imps
  A giant frog zombie (D:13)
  A human simulacrum (Vaults:4)
  5 centaur zombies
  A demonspawn zombie (Crypt:1)
  3 hounds
  3 human zombies
  A wasp zombie (D:13)
  7 jellies
  37 orc priests
  3 giant frog skeletons
  5 centaur skeletons
  An iron imp (Abyss:3)
  21 orc wizards
  7 hell rats
  9 iguanas
  11 worker ants
  Natasha (twice) (D:4)
  17 sheep
  3 big kobold zombies (Ossuary)
  A deep dwarf skeleton (Crypt:3)
  A felid zombie (Crypt:3)
  2 hound skeletons
  16 mummies
  2 worker ant zombies
  10 scorpion zombies (Ossuary)
  50 river rats
  10 adders
  5 shadow imps
  2 white imps (Depths:2)
  An ufetubus (Abyss:3)
  An ooze (D:4)
  2 adder skeletons (D:4)
  2 adder zombies
  2 worms (D:2)
  A dart slug (D:1)
  3 giant geckos
  102 orcs
  A ball python (D:5)
  6 giant cockroaches
  10 goblins
  8 hobgoblins
  17 jackals
  19 kobolds
  4 quokkas
  A ball python zombie (Crypt:2)
  27 bats
  A giant cockroach zombie (Crypt:1)
  A giant gecko skeleton (Crypt:1)
  10 giant newts
  A gnoll zombie (Ossuary)
  4 goblin zombies (Ossuary)
  A hobgoblin zombie (Ossuary)
  An orc skeleton (Crypt:2)
  2 quokka zombies
  13 rats
  A crawling corpse (Elf:1)
  2 starspawn tentacles (Abyss:3)
  3 tentacles (Hell)
2835 creatures vanquished.

Vanquished Creatures (others)
  2 deep elf master archers (Elf:3)
  A storm dragon (Zot:1)
  A green draconian (Zot:1)
  A mottled draconian (Zot:1)
  A yellow draconian (Zot:1)
  A red draconian (Zot:1)
  A deep elf death mage (Crypt:3)
  A yaktaur captain (Vaults:1)
  2 centaur warriors
  2 tengu warriors (Depths:4)
  A spriggan berserker (Swamp:4)
  2 deep elf knights
  A giant orange brain (Depths:5)
  4 deep elf archers
  3 deep elf magi
  A necromancer (Depths:5)
  2 cyclopes
  A spectral swamp worm (Depths:5)
  16 yaktaurs
  A giant leech (Swamp:1)
  A spriggan zombie (Hell)
  A wraith (Lair:5)
  A giant eyeball (shapeshifter) (Vaults:5)
  An ogre (Vaults:2)
  2 centaurs (D:14)
  2 boggarts (Depths:4)
  An orc priest (Orc:2)
  A hell rat (Hell)
  3 river rats (Lair:2)
  3 orcs
  A crawling corpse (Elf:1)
  A fungus (Lair:3)
  4 plants
  32 starspawn tentacle segments (Abyss:3)
  6 tentacles (Hell)
  169 tentacle segments (Hell)
274 creatures vanquished.

Grand Total: 3109 creatures vanquished

Notes
Turn   | Place    | Note
-------+----------+-------------------------------------------
     0 | D:1      | Narqulie the Minotaur Fighter began the quest for the Orb.
     0 | D:1      | Reached XP level 1. HP: 19/19 MP: 0/0
   116 | D:1      | Reached XP level 2. HP: 16/27 MP: 1/1
   479 | D:2      | Reached XP level 3. HP: 33/33 MP: 2/2
   614 | D:2      | Reached skill level 1 in Dodging
   640 | D:2      | Found a shattered altar of Ashenzari.
   853 | D:2      | Reached XP level 4. HP: 40/40 MP: 3/3
  1106 | D:3      | Noticed Sigmund
  1125 | D:3      | Killed Sigmund
  1125 | D:3      | Reached skill level 5 in Shields
  1125 | D:3      | Reached XP level 5. HP: 31/47 MP: 4/4
  1735 | D:4      | Found a staircase to the Ecumenical Temple.
  1743 | D:4      | Reached skill level 5 in Armour
  1743 | D:4      | Reached XP level 6. HP: 27/53 MP: 5/5
  1876 | D:4      | Found a sand-covered staircase.
  1876 | D:4      | Noticed Natasha
  1888 | D:4      | Killed Natasha
  1938 | Ossuary  | Entered an ossuary
  2099 | Ossuary  | Reached XP level 7. HP: 34/60 MP: 6/6
  2133 | Ossuary  | Reached skill level 5 in Fighting
  2724 | Ossuary  | Reached skill level 5 in Long Blades
  2776 | Ossuary  | Reached XP level 8. HP: 33/69 MP: 7/7
  3077 | D:4      | Noticed Natasha
  3083 | D:4      | Killed Natasha
  3095 | Temple   | Entered the Ecumenical Temple
  3257 | Temple   | Became a worshipper of Warmaster Okawaru
  3393 | D:4      | Noticed Natasha
  3793 | D:5      | Entered Level 5 of the Dungeon
  3847 | D:5      | Reached skill level 5 in Dodging
  3876 | D:5      | Noticed clown's ghost (novice DsNe)
  3884 | D:5      | Killed clown's ghost
  3884 | D:5      | Reached * piety under Okawaru
  4148 | D:5      | Reached XP level 9. HP: 78/78 MP: 8/8
  4647 | D:6      | Reached ** piety under Okawaru
  4683 | D:6      | Found an iron altar of Okawaru.
  4708 | D:6      | Found a shattered altar of Ashenzari.
  4709 | D:6      | Found a burning altar of Makhleb.
  5009 | D:6      | Found a basalt altar of Yredelemnul.
  5409 | D:7      | Found a stormy altar of Qazlal.
  5409 | D:7      | Found a sacrificial altar of Ru.
  5415 | D:7      | Found an opulent altar of Gozag.
  5902 | D:8      | Gained mutation: Your spells are a little harder to cast, but a little more powerful. [potion of mutation]
  5902 | D:8      | Gained mutation: You have sharp toenails. [potion of mutation]
  5902 | D:8      | Gained mutation: Your natural rate of healing is unusually fast. [potion of mutation]
  5908 | D:8      | Noticed Grum
  5954 | D:8      | Killed Grum
  6032 | D:8      | Reached *** piety under Okawaru
  6090 | D:8      | Reached XP level 10. HP: 63/88 MP: 6/9
  6300 | D:8      | Got a crude scale mail
  6312 | D:8      | Identified the +6 scale mail "Jierefap" {+Inv Int+5 Stlth+} (You took it off a wight on level 8 of the Dungeon)
  6480 | D:8      | Got a pair of faintly humming gloves
  6486 | D:8      | Identified the +0 pair of gloves "Suitegorus" {Regen+ SInv} (You found it on level 8 of the Dungeon)
  6725 | D:9      | Noticed a red ugly thing
  7086 | D:9      | Killed a red ugly thing
  7086 | D:9      | Reached **** piety under Okawaru
  7092 | D:9      | Gained mutation: Scrolls take you a little longer to read. [mutagenic meat]
  7107 | D:9      | Reached skill level 10 in Long Blades
  7109 | D:9      | Got a translucent dagger
  7112 | D:9      | Identified the +6 dagger "Jura" {elec, rPois Dex+4} (You found it on level 9 of the Dungeon)
  7315 | D:9      | Paralysed by a wight for 6 turns
  7323 | D:9      | Reached skill level 10 in Shields
  7323 | D:9      | Reached skill level 1 in Evocations
  7747 | D:9      | Reached XP level 11. HP: 95/97 MP: 10/10
  7882 | D:10     | Entered Level 10 of the Dungeon
  7885 | D:10     | Reached ***** piety under Okawaru
  8095 | D:10     | Noticed Erica
  8106 | D:10     | Killed Erica
  8221 | D:10     | Noticed a hill giant
  8229 | D:10     | Killed a hill giant
  8296 | D:10     | Received a gift from Okawaru
  8414 | D:10     | Noticed an unseen horror
  8417 | D:10     | Killed an unseen horror
  8517 | D:11     | Found a staircase to the Orcish Mines.
  8568 | D:11     | Noticed an unseen horror
  8588 | D:11     | Killed an unseen horror
  8723 | D:11     | Reached skill level 10 in Fighting
  8888 | D:11     | Noticed a hill giant
  8904 | D:11     | Killed a hill giant
  8915 | D:11     | Reached XP level 12. HP: 86/106 MP: 12/12
  8980 | D:11     | Reached ****** piety under Okawaru
  9089 | D:11     | Found a staircase to the Lair.
  9301 | D:11     | Noticed Herrn's ghost (journeyman TrEE)
  9322 | D:11     | Killed Herrn's ghost
  9322 | D:11     | Received a gift from Okawaru
  9563 | D:12     | Reached skill level 10 in Armour
  9669 | D:12     | Gained mutation: You are somewhat resistant to further mutation. [mutagenic meat]
 10807 | D:13     | Noticed a centaur warrior
 10816 | D:13     | Killed a centaur warrior
 10839 | D:13     | Reached skill level 1 in Invocations
 10922 | D:13     | Received a gift from Okawaru
 11030 | D:13     | Reached XP level 13. HP: 110/117 MP: 13/13
 11054 | D:13     | Found a frozen archway.
 11211 | D:13     | Found a snail-covered altar of Cheibriados.
 11219 | D:13     | Found a basalt altar of Yredelemnul.
 11223 | D:13     | Found a snail-covered altar of Cheibriados.
 11232 | D:13     | Reached skill level 10 in Dodging
 11240 | D:13     | Found a runed door.
 11256 | D:13     | Found a snail-covered altar of Cheibriados.
 11272 | D:13     | Found a shimmering altar of Xom.
 11285 | D:13     | Found a sparkling altar of Nemelex Xobeh.
 11404 | D:13     | Found an iron altar of Okawaru.
 11559 | D:13     | Got a fine pewter ring
 11566 | D:13     | Identified the ring "Coc Ofig" {-Tele *Confuse +Fly rN+++ Stlth+} (You found it on level 13 of the Dungeon)
 11874 | Lair:1   | Entered Level 1 of the Lair of Beasts
 12186 | Lair:1   | Got a flickering granite ring
 12191 | Lair:1   | Identified the ring of Sibangof {Wiz rF++ Str+2} (You found it on level 1 of the Lair of Beasts)
 12290 | Lair:1   | Received a gift from Okawaru
 12293 | Lair:1   | Got a heavy robe {god gift}
 12317 | Lair:1   | Identified the +1 robe of Abstinence {rF- rC+ Int+4 Dex+3} (Okawaru gifted it to you on level 1 of the Lair of Beasts)
 12766 | Lair:2   | Noticed Urug
 12788 | Lair:2   | Killed Urug
 12846 | Lair:2   | Found an opulent altar of Gozag.
 12967 | Lair:2   | Found a staircase to the Swamp.
 12985 | Swamp:1  | Entered Level 1 of the Swamp
 13328 | Lair:3   | Noticed Nergalle
 13342 | Lair:3   | Killed Nergalle
 13583 | Lair:3   | Found a staircase to the Snake Pit.
 14129 | Lair:4   | Received a gift from Okawaru
 14246 | Lair:4   | Reached XP level 14. HP: 97/127 MP: 14/14
 14802 | Lair:5   | Noticed Josephine
 14807 | Lair:5   | Killed Josephine
 14818 | Lair:5   | Reached skill level 15 in Long Blades
 14836 | Lair:5   | Found a viscous altar of Jiyva.
 14837 | Lair:5   | Found a staircase to the Slime Pits.
 15014 | Lair:5   | Received a gift from Okawaru
 15017 | Lair:5   | Got a faintly glowing cloak {god gift}
 15023 | Lair:5   | Identified the +3 cloak "Awni Koe" {rF+ Int+2} (Okawaru gifted it to you on level 5 of the Lair of Beasts)
 15315 | Lair:6   | Entered Level 6 of the Lair of Beasts
 15661 | Lair:6   | Reached skill level 15 in Shields
 15686 | Lair:6   | Identified the Volume of Mutagenic Calling
 16510 | Orc:1    | Entered Level 1 of the Orcish Mines
 16694 | Orc:1    | Found Woimipp's Food Boutique.
 16767 | Orc:1    | Noticed Erolcha
 16770 | Orc:1    | Killed Erolcha
 16946 | Orc:1    | Noticed Harold
 16960 | Orc:1    | Killed Harold
 17064 | Orc:2    | Entered Level 2 of the Orcish Mines
 17484 | Orc:2    | Found a staircase to the Elven Halls.
 17557 | Orc:2    | Found Ibes's Jewellery Boutique.
 17566 | Orc:2    | Found Soiliph's Weapon Shoppe.
 17623 | Orc:2    | Found a roughly hewn altar of Beogh.
 17885 | Orc:2    | Found Xumily's General Store.
 17885 | Orc:2    | Found Esoedd's Armour Shoppe.
 18170 | D:15     | Entered Level 15 of the Dungeon
 18170 | D:15     | Found a bloodstained altar of Trog.
 18395 | D:15     | Noticed Azrael
 18423 | D:15     | Killed Azrael
 18430 | D:15     | Noticed blinkfrog's ghost (adept FoFi)
 18431 | D:15     | Found a staircase to the Depths.
 18449 | D:15     | Killed blinkfrog's ghost
 18449 | D:15     | Received a gift from Okawaru
 18449 | D:15     | Reached XP level 15. HP: 123/138 MP: 13/15
 18584 | D:15     | Noticed Rupert
 18597 | D:15     | Killed Rupert
 18944 | Depths:1 | Entered Level 1 of the Depths
 18944 | Depths:1 | Noticed a shadow dragon
 19152 | Swamp:1  | Received a gift from Okawaru
 19711 | Swamp:1  | Noticed Louise
 19725 | Swamp:1  | Killed Louise
 20512 | Swamp:2  | Received a gift from Okawaru
 21240 | Swamp:3  | Reached skill level 15 in Fighting
 21546 | Swamp:3  | Noticed Roxanne
 21838 | Swamp:3  | Lost mutation: You are somewhat resistant to further mutation. [potion of cure mutation]
 21838 | Swamp:3  | Lost mutation: Scrolls take you a little longer to read. [potion of cure mutation]
 21838 | Swamp:3  | Lost mutation: Your spells are a little harder to cast, but a little more powerful. [potion of cure mutation]
 21982 | Swamp:4  | Entered Level 4 of the Swamp
 22175 | Swamp:4  | Reached XP level 16. HP: 92/149 MP: 16/16
 22864 | Swamp:4  | Received a gift from Okawaru
 24144 | Swamp:4  | Got a decaying rune of Zot
 24203 | Swamp:4  | Received a gift from Okawaru
 24391 | Elf:1    | Entered Level 1 of the Elven Halls
 24524 | Orc:2    | Bought an uncursed ring of poison resistance for 320 gold pieces
 24524 | Orc:2    | Bought an uncursed ring of poison resistance for 320 gold pieces
 24667 | Snake:1  | Entered Level 1 of the Snake Pit
 24667 | Snake:1  | Found a shadowy altar of Dithmenos.
 24821 | Snake:1  | Found an ancient bone altar of Kikubaaqudgha.
 25119 | Snake:1  | Received a gift from Okawaru
 25835 | Snake:2  | Reached XP level 17. HP: 157/158 MP: 18/18
 25929 | Snake:2  | Received a gift from Okawaru
 25940 | Snake:2  | Got a shimmering buckler {god gift}
 25951 | Snake:2  | Identified the +3 buckler of Kleptomania {Int+2 SInv} (Okawaru gifted it to you on level 2 of the Snake Pit)
 25965 | Snake:2  | Gained mutation: You are clumsy. (Dex -2) [mutagenic meat]
 25968 | Snake:2  | Gained mutation: You expend magic power (3 MP) to strengthen your wands. [mutagenic meat]
 25971 | Snake:2  | Gained mutation: You are resistant to electric shocks. (rElec) [mutagenic meat]
 25977 | Snake:2  | Gained mutation: Your mind is acute. (Int +2) [mutagenic meat]
 25978 | Snake:2  | Gained mutation: Your flesh is heat resistant. (rF+) [potion of mutation]
 25978 | Snake:2  | Gained mutation: Your body sometimes deteriorates upon taking damage. [potion of mutation]
 25979 | Snake:2  | Lost mutation: Your body sometimes deteriorates upon taking damage. [potion of mutation]
 25979 | Snake:2  | Lost mutation: Your flesh is heat resistant. (rF+) [potion of mutation]
 27052 | Snake:4  | Entered Level 4 of the Snake Pit
 27251 | Snake:3  | Lost mutation: You are clumsy. (Dex -2) [potion of cure mutation]
 27251 | Snake:3  | Lost mutation: You have sharp toenails. [potion of cure mutation]
 27971 | Snake:4  | Received a gift from Okawaru
 29143 | Snake:4  | Reached XP level 18. HP: 140/170 MP: 19/19
 29492 | Snake:4  | Received a gift from Okawaru
 29529 | Snake:4  | Got a serpentine rune of Zot
 31273 | Depths:1 | Found Xasu's Jewellery Emporium.
 31310 | Depths:1 | Noticed Nikola
 31322 | Depths:1 | Killed Nikola
 31410 | Depths:1 | Gained mutation: Your spells are a little harder to cast, but a little more powerful. [mutagenic meat]
 31425 | Depths:1 | Gained mutation: You can translocate small distances at will. [mutagenic meat]
 31428 | Depths:1 | Gained mutation: Your muscles are strong. (Str +2) [mutagenic meat]
 31440 | Depths:1 | Noticed Mara
 31460 | Depths:1 | Noticed Narqulie's illusion
 31465 | Depths:1 | Killed Mara
 31472 | Depths:1 | Found a gateway to a ziggurat.
 31493 | Depths:1 | Found Joocw's Assorted Antiques.
 31566 | Depths:1 | Gained mutation: Your muscles are very strong. (Str +4) [mutagenic meat]
 31588 | Depths:1 | Found Jafuthou's General Store.
 31826 | Depths:1 | Found a gateway to Hell.
 31846 | Hell     | Entered the Vestibule of Hell
 31854 | Hell     | Received a gift from Okawaru
 32297 | Elf:1    | Reached skill level 15 in Armour
 32845 | Elf:1    | Gained mutation: Your body sometimes deteriorates upon taking damage. [potion of mutation]
 32991 | Elf:1    | Reached XP level 19. HP: 179/179 MP: 18/21
 33245 | Elf:1    | Identified the Almanac of Summoning
 33538 | Elf:2    | Found Idweuren's Weapon Shop.
 33538 | Elf:2    | Noticed Conn321's ghost (journeyman DEFE)
 33563 | Elf:2    | Killed Conn321's ghost
 33572 | Elf:2    | Received a gift from Okawaru
 33604 | Elf:2    | Found Aqunem's Jewellery Emporium.
 33684 | Elf:2    | Found Agudit's Assorted Antiques.
 33720 | Elf:2    | Found a runed gate.
 33720 | Elf:2    | Found a runed gate.
 33720 | Elf:2    | Found a runed gate.
 33957 | Elf:2    | Found a portal to a secret trove of treasure.
 34311 | Elf:2    | Noticed Aizul
 34330 | Elf:2    | Killed Aizul
 34689 | Elf:3    | Entered Level 3 of the Elven Halls
 34774 | Elf:3    | Received a gift from Okawaru
 34948 | Elf:3    | Found Qoel's Distillery.
 34961 | Elf:3    | Bought 2 potions of curing for 102 gold pieces
 34961 | Elf:3    | Bought a potion of curing for 51 gold pieces
 34961 | Elf:3    | Bought a potion of curing for 51 gold pieces
 34961 | Elf:3    | Bought 2 potions of berserk rage for 170 gold pieces
 35008 | Elf:3    | Noticed Saint Roka
 35022 | Elf:3    | Killed Saint Roka
 35329 | Elf:3    | Cast into level 2 of the Abyss (a deep elf sorcerer)
 35476 | Elf:3    | Escaped the Abyss
 35968 | Elf:3    | Upgraded the game from 0.19-a0-1007-g133f65f to 0.19-a0-1008-g4c63d25
 36439 | Elf:3    | Cast into level 2 of the Abyss (a deep elf demonologist)
 36439 | Abyss:2  | Found a corrupted altar of Lugonu.
 36445 | Elf:3    | Escaped the Abyss
 36477 | Elf:3    | Reached XP level 20. HP: 132/189 MP: 22/22
 36632 | Elf:3    | Got a vibrating amber ring
 36635 | Elf:3    | Got a translucent scimitar {antimagic}
 36637 | Elf:3    | Identified the ring of Orekkiv {*Confuse rElec AC+3 Int+5} (You took it off a deep elf knight on level 3 of the Elven Halls)
 36913 | Elf:3    | Identified Bynemiem's Volume of Quantum Malediction
 36993 | Elf:3    | Got a polished plate armour
 36994 | Elf:3    | Identified the cursed +1 plate armour "Kownyen" {MR+ Slay+5 Stlth-} (You found it on level 3 of the Elven Halls)
 37010 | Elf:3    | Identified the cursed +3 scimitar of Exhibitionism {antimagic, rElec Str-2 Dex+6} (You took it off a deep elf knight on level 3 of the Elven Halls)
 37037 | Elf:3    | Got a wavering amber ring
 37130 | Elf:3    | Got a brightly glowing scimitar
 37133 | Elf:3    | Identified the +5 scimitar of Pestilence {flame, +Inv rElec rF+ Str+2} (You found it on level 3 of the Elven Halls)
 37134 | Elf:3    | Identified the ring of the Cast Vote {rPois rF+ rN+} (You took it off a deep elf mage on level 3 of the Elven Halls)
 37629 | Depths:2 | Noticed a caustic shrike
 37635 | Depths:2 | Killed a caustic shrike
 37635 | Depths:2 | Reached skill level 5 in Invocations
 37648 | Depths:2 | Received a gift from Okawaru
 38072 | Hell     | Found a gateway to the ashen valley of Gehenna.
 38081 | Hell     | Noticed Geryon
 38207 | Hell     | Killed Geryon
 38463 | Hell     | Found a gateway to the Iron City of Dis.
 38722 | Hell     | Found a gateway to the decaying netherworld of Tartarus.
 38788 | Hell     | Found a gateway to the freezing wastes of Cocytus.
 38933 | Depths:2 | Reached XP level 21. HP: 199/199 MP: 24/24
 38939 | Depths:2 | Noticed Bai Suzhen
 38968 | Depths:2 | Killed Bai Suzhen
 38990 | Depths:2 | Received a gift from Okawaru
 39568 | Depths:2 | Identified a +0 pair of boots of running (Okawaru gifted it to you on level 2 of the Depths)
 39785 | Lair:1   | Got a pair of spiked boots
 39921 | Orc:2    | Bought a scroll of identify for 24 gold pieces
 39921 | Orc:2    | Bought a meat ration for 60 gold pieces
 39921 | Orc:2    | Bought a potion of curing for 36 gold pieces
 39921 | Orc:2    | Bought a scroll of identify for 24 gold pieces
 39934 | Orc:2    | Identified the +4 pair of boots "Pechusui" {Regen+ Int+3 Dex+3} (You found it on level 1 of the Lair of Beasts)
 40188 | Lair:6   | Got a shimmering scimitar
 40189 | Lair:6   | Identified the +5 scimitar "Xyts" {flame, *Corrode rPois Dex+4} (You found it on level 6 of the Lair of Beasts)
 40477 | Elf:2    | Bought the amulet of the Air {Inacc +Fly rElec EV+5 RMsl} for 1380 gold pieces
 41625 | Depths:2 | Received a gift from Okawaru
 41849 | Depths:3 | Found a one-way gate leading to the halls of Pandemonium.
 42050 | Depths:3 | Noticed a golden dragon
 42052 | Depths:3 | Noticed a caustic shrike
 42058 | Depths:3 | Noticed a caustic shrike
 42058 | Depths:3 | Noticed a juggernaut
 42086 | Depths:3 | Killed a juggernaut
 42090 | Depths:3 | Noticed a caustic shrike
 42092 | Depths:3 | Killed a caustic shrike
 42092 | Depths:3 | Received a gift from Okawaru
 42104 | Depths:3 | Killed a caustic shrike
 42106 | Depths:3 | Noticed a caustic shrike
 42113 | Depths:3 | Noticed a caustic shrike
 42121 | Depths:3 | Killed a caustic shrike
 42129 | Depths:3 | Killed a caustic shrike
 42135 | Depths:3 | Noticed a caustic shrike
 42141 | Depths:3 | Noticed a caustic shrike
 42142 | Depths:3 | Killed a golden dragon
 42148 | Depths:3 | Killed a caustic shrike
 42151 | Depths:3 | Killed a caustic shrike
 42151 | Depths:3 | Reached XP level 22. HP: 144/209 MP: 18/25
 42162 | Depths:3 | Killed a caustic shrike
 42215 | Depths:3 | Noticed a golden dragon
 42381 | Depths:3 | Killed a golden dragon
 42406 | Depths:3 | Got a jewelled demon blade {god gift}
 42408 | Depths:3 | Identified the +3 demon blade "Spider's Nightmare" {freeze, +Rage +Inv +Fly Int+2} (Okawaru gifted it to you on level 3 of the Depths)
 42505 | Depths:3 | Received a gift from Okawaru
 42784 | Depths:3 | Noticed a juggernaut
 42802 | Depths:3 | Killed a juggernaut
 43245 | Depths:4 | Noticed a caustic shrike
 43252 | Depths:4 | Paralysed by a giant eyeball for 2 turns
 43338 | Depths:4 | Got a transparent great sword
 43411 | Depths:4 | Identified the cursed +2 great sword of Dismay {flame, +Fly} (You found it on level 4 of the Depths)
 43450 | Depths:4 | Found a one-way gate to the infinite horrors of the Abyss.
 43485 | Depths:4 | Killed a caustic shrike
 43577 | Depths:4 | Cast into level 3 of the Abyss (a lich)
 43886 | Abyss:3  | Received a gift from Okawaru
 43974 | Abyss:3  | Noticed an ancient lich
 43975 | Depths:4 | Escaped the Abyss
 44811 | Depths:4 | Noticed a golden dragon
 44821 | Depths:4 | Killed a golden dragon
 44849 | Depths:5 | Entered Level 5 of the Depths
 44873 | Depths:4 | Reached XP level 23. HP: 195/218 MP: 27/27
 45717 | Depths:5 | HP: 10/220 [poisoned by a green draconian knight]
 45722 | Depths:5 | HP: 7/220 [poisoned by a green draconian knight]
 45727 | Depths:5 | HP: 9/220 [poisoned by a green draconian knight]
 46108 | Depths:5 | Found a gate to the Realm of Zot.
 46131 | Depths:5 | Received a gift from Okawaru
 46383 | Depths:5 | Found Liothill's Jewellery Boutique.
 46383 | Depths:5 | Found Lianasule's Gadget Emporium.
 46384 | Depths:5 | Found Kugux's Gadget Emporium.
 46391 | Depths:5 | Bought the ring "Agujimiz" {+Fly rPois rF+ Slay+2 SInv} for 1120 gold pieces
 46734 | Geh:1    | Entered Level 1 of Gehenna
 47063 | Slime:1  | Entered Level 1 of the Pits of Slime
 47079 | Slime:1  | Gained mutation: Scrolls take you a little longer to read. [a shining eye]
 47090 | Slime:1  | Gained mutation: You occasionally shout uncontrollably at your foes. [a shining eye]
 47108 | Slime:1  | Gained mutation: Potions and wands are less effective at restoring your health. [a shining eye]
 47119 | Lair:5   | Gained mutation: Your magical capacity is low. (-10% MP) [a shining eye]
 47123 | Lair:5   | Lost mutation: Your spells are a little harder to cast, but a little more powerful. [a shining eye]
 47529 | D:14     | Noticed Nessos
 47541 | D:14     | Killed Nessos
 47580 | D:14     | Found a gate to the Vaults.
 47739 | D:14     | Received a gift from Okawaru
 48422 | Vaults:1 | Entered Level 1 of the Vaults
 49085 | Vaults:1 | Found Mill's Book Shoppe.
 49264 | Vaults:1 | Reached XP level 24. HP: 217/228 MP: 24/24
 49386 | Vaults:1 | Found Heugatai's General Store.
 49394 | Vaults:1 | Bought a bread ration for 75 gold pieces
 49394 | Vaults:1 | Bought a scroll of teleportation for 45 gold pieces
 49394 | Vaults:1 | Bought a scroll of enchant armour for 112 gold pieces
 49394 | Vaults:1 | Bought a scroll of teleportation for 45 gold pieces
 49394 | Vaults:1 | Bought a scroll of blinking for 112 gold pieces
 49394 | Vaults:1 | Bought 2 scrolls of identify for 60 gold pieces
 49475 | Vaults:1 | Received a gift from Okawaru
 49482 | Vaults:1 | Got a slimy halberd
 50685 | Vaults:2 | Found Xorol's Armour Shoppe.
 50774 | Vaults:3 | Found a staircase to the Crypt.
 50807 | Vaults:3 | Noticed Margery
 50821 | Vaults:3 | Killed Margery
 52025 | Crypt:1  | Entered Level 1 of the Crypt
 52187 | Vaults:4 | Reached skill level 27 in Shields
 52220 | Vaults:4 | Received a gift from Okawaru
 52245 | Vaults:4 | Got a polished scimitar {god gift}
 52246 | Vaults:4 | Identified the +0 scimitar "Ruqasij" {slice, Int+4} (Okawaru gifted it to you on level 4 of the Vaults)
 52261 | Vaults:4 | Noticed Jory
 52273 | Vaults:4 | Killed Jory
 52498 | Vaults:4 | Gained mutation: You passively map a small area around you. [potion of beneficial mutation]
 52740 | Vaults:4 | Found Jari's Assorted Antiques.
 52748 | Vaults:4 | Bought a scroll of identify for 66 gold pieces
 52748 | Vaults:4 | Bought a scroll of enchant weapon for 247 gold pieces
 52748 | Vaults:4 | Bought a scroll labeled QAOPTO DUAPLE for 33 gold pieces
 52837 | Vaults:4 | Reached skill level 27 in Long Blades
 52888 | Vaults:4 | Reached XP level 25. HP: 240/240 MP: 24/24
 53311 | Vaults:4 | Received a gift from Okawaru
 53455 | Vaults:4 | Got a faintly glowing triple sword {god gift}
 53461 | Vaults:4 | Identified the +2 triple sword "Naupnuomue" {venom, Stlth+} (Okawaru gifted it to you on level 4 of the Vaults)
 53491 | Vaults:5 | Entered Level 5 of the Vaults
 53532 | Vaults:5 | Noticed an ancient lich
 53735 | Vaults:5 | Killed an ancient lich
 53757 | Vaults:5 | Noticed an ancient lich
 53772 | Vaults:4 | Received a gift from Okawaru
 53983 | Vaults:5 | Killed an ancient lich
 54005 | Vaults:4 | Got a heavily runed hat {god gift}
 54011 | Vaults:4 | Identified the -7 hat of Submission {+Fly Regen+ Str+3 Int-3 Dex+2} (Okawaru gifted it to you on level 4 of the Vaults)
 54242 | Vaults:5 | Got a silver rune of Zot
 54926 | Vaults:5 | Found Huesuasi's Food Emporium.
 55161 | Vaults:5 | Gained mutation: You have a pair of large horns on your head. [potion of beneficial mutation]
 55242 | Vaults:5 | Got a pair of ancient boots
 55254 | Vaults:5 | Identified the -3 pair of boots "Meny" {rCorr Dex-4 SInv} (You found it on level 5 of the Vaults)
 55523 | Zot:1    | Entered Level 1 of the Realm of Zot
 55584 | Zot:1    | Reached XP level 26. HP: 202/257 MP: 24/26
 55802 | Zot:1    | Received a gift from Okawaru
 55802 | Zot:1    | Reached skill level 10 in Invocations
 56083 | Zot:1    | Noticed an orb of fire
 57156 | Zot:2    | Lost mutation: Your muscles are very strong. (Str +4) [potion of cure mutation]
 57156 | Zot:2    | Lost mutation: You have a pair of large horns on your head. [potion of cure mutation]
 57156 | Zot:2    | Lost mutation: Your magical capacity is low. (-10% MP) [potion of cure mutation]
 57156 | Zot:2    | Lost mutation: You can translocate small distances at will. [potion of cure mutation]
 57156 | Zot:2    | Lost mutation: Your mind is acute. (Int +2) [potion of cure mutation]
 57157 | Zot:2    | Lost mutation: Scrolls take you a little longer to read. [potion of cure mutation]
 57157 | Zot:2    | Lost mutation: You expend magic power (3 MP) to strengthen your wands. [potion of cure mutation]
 57157 | Zot:2    | Lost mutation: Your body sometimes deteriorates upon taking damage. [potion of cure mutation]
 57157 | Zot:2    | Lost mutation: Your natural rate of healing is unusually fast. [potion of cure mutation]
 57157 | Zot:2    | Lost mutation: You are resistant to electric shocks. (rElec) [potion of cure mutation]
 57158 | Zot:2    | Lost mutation: Your muscles are strong. (Str +2) [potion of cure mutation]
 57158 | Zot:2    | Lost mutation: You occasionally shout uncontrollably at your foes. [potion of cure mutation]
 57158 | Zot:2    | Lost mutation: You passively map a small area around you. [potion of cure mutation]
 57159 | Zot:2    | Lost mutation: Potions and wands are less effective at restoring your health. [potion of cure mutation]
 57230 | Depths:5 | Gained mutation: You are dopey. (Int -2) [potion of mutation]
 57230 | Depths:5 | Gained mutation: You have a pair of large horns on your head. [potion of mutation]
 57230 | Depths:5 | Gained mutation: Your muscles are strong. (Str +2) [potion of mutation]
 60687 | Crypt:2  | Reached skill level 27 in Fighting
 61278 | Crypt:3  | Entered Level 3 of the Crypt
 61283 | Crypt:3  | Found a magical portal.
 61291 | WizLab   | Entered Doroklohe's Tomb
 61527 | WizLab   | Reached XP level 27. HP: 273/273 MP: 30/30
 61825 | WizLab   | Got a translucent granite ring
 61882 | WizLab   | Identified the ring "Aliyw" {+Blink rElec rF- Int+3 Stlth+} (You found it in a wizard's laboratory)
 62060 | Crypt:3  | Noticed Sojobo
 62083 | Crypt:3  | Killed Sojobo
 62662 | Crypt:3  | Found a staircase to the Tomb.
 62947 | Crypt:3  | Noticed an ancient lich
 62947 | Crypt:3  | Noticed an ancient lich
 63279 | Crypt:3  | Received a gift from Okawaru
 63304 | Crypt:3  | Killed an ancient lich
 63310 | Crypt:3  | Killed an ancient lich
 63398 | Tomb:1   | Entered Level 1 of the Tomb of the Ancients
 63700 | Slime:1  | Lost mutation: You have a pair of large horns on your head. [a shining eye]
 64161 | Slime:2  | Gained mutation: You occasionally shout uncontrollably at your foes. [a shining eye]
 64167 | Slime:2  | Gained mutation: Your body sometimes deteriorates upon taking damage. [a shining eye]
 64170 | Slime:2  | Gained mutation: Your body often deteriorates upon taking damage. [a shining eye]
 65086 | Slime:5  | Entered Level 5 of the Pits of Slime
 65091 | Slime:5  | Lost mutation: Your muscles are strong. (Str +2) [a shining eye]
 65097 | Slime:5  | Gained mutation: Scrolls take you a little longer to read. [a shining eye]
 65099 | Slime:5  | Gained mutation: You possess an exceptional clarity of mind. [a shining eye]
 65101 | Slime:5  | Lost mutation: You are dopey. (Int -2) [a shining eye]
 65118 | Slime:5  | Paralysed by a giant eyeball for 3 turns
 65133 | Slime:4  | Paralysed by a giant eyeball for 3 turns
 65593 | Slime:5  | Noticed the Royal Jelly
 65624 | Slime:5  | Gained mutation: You are clumsy. (Dex -2) [a shining eye]
 66124 | Slime:5  | Lost mutation: Scrolls take you a little longer to read. [a shining eye]
 66135 | Slime:4  | Gained mutation: Potions and wands are less effective at restoring your health. [a shining eye]
 66137 | Slime:4  | Gained mutation: You expend magic power (3 MP) to strengthen your wands. [a shining eye]
 66277 | Slime:4  | HP: 20/405 [acid blob[the Royal Jelly] (21)]
 66277 | Slime:4  | HP: 9/405 [azure jelly[the Royal Jelly] (2)]
 66279 | Slime:4  | Splashed by an acid blob's acid

Vault maps used:
D:1:      dpeg_arrival_fog
D:2:      evilmike_ruin_ashenzari
D:3:      first_bread, uniq_sigmund
D:4:      enter_ossuary_2, dk_rats_in_the_wall, uniq_natasha
D:6:      yredelemnul_altar_generic, gammafunk_temple_overflow_statue,
          okawaru_metal_pillars_1_2
D:7:      gammafunk_temple_overflow_forgotten
D:8:      blue_anna_alchemist, uniq_grum
D:10:     st_stairs_12, uniq_erica
D:11:     grunt_lair_entry_orc_guard_hut, hangedman_tell_no_tales
D:13:     due_megacathedral, portal_ice_cave_entry_ice_beasts,
          david_defended_altar_orc
D:14:     wad_woods_minihive, erik_vaults_1, minivault_26, uniq_nessos
D:15:     hangedman_depths_entry_civil_slaughter, basic_altar, st_stairs_7,
          uniq_azrael, uniq_rupert
Temple:   eino_temple_scatter_basement
Lair:1:   nicolae_quartered_pool_little
Lair:2:   minmay_swamp_entry_reptiles, lemuel_altar_in_water2,
          infiniplex_staircase_pool, lemuel_fruit_tree, uniq_urug
Lair:3:   guppyfry_snake_entry_garden, uniq_nergalle
Lair:5:   dpeg_slime_entry_enclosed_altar, grunt_forest_small_clearings,
          uniq_josephine
Lair:6:   minmay_lair_end_enchanted_forest, grunt_megastairs_5,
          serial_bayou_shore_b
Swamp:1:  evilmike_swamp_ruin_house_1, uniq_louise
Swamp:2:  hangedman_swamp_cone
Swamp:3:  evilmike_swamp_ruin_wall, uniq_roxanne
Swamp:4:  swamp_basic_johnstein
Snake:1:  hangedman_feature_mirror, spider_trap, nicolae_snake_biting_tails,
          nicolae_snake_salamander_stairs, grunt_megastairs_1
Snake:3:  grunt_megastairs_2
Snake:4:  snake_pit
Slime:2:  cheibrodos_slime_lost_civilization_4
Orc:1:    serial_shops, shop, uniq_harold, uniq_erolcha
Orc:2:    st_orc_town
Elf:1:    minmay_elf_arrival_summoners, minmay_elf_demonology
Elf:2:    enter_trove_6, serial_shops, shop, shop, nicolae_shop_crystal,
          uniq_aizul
Elf:3:    grunt_elf_hall_branching, serial_shops, shop, st_stairs_12,
          uniq_saint_roka
Vaults:1: nicolae_vaults_little_squares_4, v_misc_10, v_misc_27,
          vaults_room_door_hall, vaults_room_fancy_cross, v_alt_pattern_6,
          nicolae_vaults_triangles, nicolae_vaults_arrows,
          hangedman_vaults_corner_blocks, hangedman_vaults_corner_blocks,
          nicolae_vaults_little_ls, nicolae_vaults_theta,
          ontoclasm_vaults_pinch, serial_shops, nicolae_shop_stone,
          nicolae_shop_window_shopping
Vaults:2: v_pattern_4, nicolae_vaults_angled_halls, grunt_vaults_bifocal,
          nicolae_vaults_little_squares_5, nicolae_vaults_what_the_h,
          vaults_dpeg_doors, vaults_room_door_ring, grunt_vaults_hallway_short,
          v_rooms_4, vaults_room_grid, serial_shops, shop
Vaults:3: nicolae_vaults_network_quinsquares, v_alt_pattern_2,
          hangedman_vaults_nails, ontoclasm_vaults_ring_small,
          grunt_vaults_twisty, minmay_crypt_entry_nasty_monster,
          nicolae_vaults_little_squares_2, uniq_margery
Vaults:4: vaults_mumra_hex, v_alt_pattern_6, st_check, hangedman_vaults_corner,
          v_alt_pattern_6, grunt_vaults_hallway_long, vaults_room_large_hall,
          v_pattern_2, nicolae_vaults_network_star,
          nicolae_vaults_diagonal_hallway_8, nicolae_vaults_little_squares_5,
          nicolae_vaults_little_squares_3, nicolae_vaults_little_squares_2,
          nicolae_vaults_circle_grid_b, ontoclasm_vaults_twist,
          nicolae_vaults_angled_halls, serial_shops, nicolae_shop_crystal,
          uniq_jory
Crypt:2:  minivault_11, glass_columns_c, minmay_misc_feat_columns,
          roderic_lattice_octagonal_star
Crypt:3:  david_glass_crypt, nicolae_tomb_entry_unfolded_pyramid_diagonal,
          mu_enter_wizlab_1, serial_sigils_hangedman_shear, uniq_sojobo
Depths:1: enter_ziggurat_e, hell_entry, serial_shops, nicolae_shop_stone,
          kennysheep_nondescript, kennysheep_generic_room_15, minmay_shoptagon,
          uniq_mara, uniq_nikola
Depths:2: minmay_stepped, hell_entry, infiniplex_staircase_pillars_1,
          ice2_lemuel, uniq_bai_suzhen
Depths:3: grunt_runaround, hell_entry, pan_entry
Depths:4: kennysheep_blocky_room, hell_entry, abyss_entry,
          hangedman_abyss_or_decor_stagger, grunt_tough_drop,
          minmay_staircase_windowed_large
Depths:5: grunt_x_marks_the_spot, rand_demon_pan_entry_7,
          pf_hell_entry_tar_river, minmay_misc_feat_doors, minmay_shop_grove
Geh:1:    hangedman_hellfire_club
Zot:1:    nrook_zot_tub
Zot:3:    stair_cage_line
Zot:4:    kennysheep_blocky_hall
Abyss:2:  serial_sigils_hangedman_snap
Abyss:3:  grunt_abyss_exit_deep_breaths,
          evilmike_nicolae_abyss_rune_containment_curve, minivault_4
Ossuary:  ossuary_minmay_scorpions
WizLab:   wizlab_doroklohe

Skill      XL: |  1  2  3  4  5  6  7  8  9 10 11 12 13 14 15 16 17 18 19 20 21 22 23 24 25 26 27 |
---------------+----------------------------------------------------------------------------------+-----
Fighting       | 4 5 6 8 9 10 11 12 14 15 16 17 18 19 20 21 22 24 27 | 27.0
Shields        | 4 5 6 7 9 10 11 13 14 15 16 17 18 19 21 22 23 24 26 27 | 27.0
Armour         | 4 5 6 7 8 9 10 11 12 13 14 15 16 17 18 20 22 | 22.6
Dodging        | 1 2 3 4 5 7 8 9 11 12 13 14 | 14.9
Long Blades    | 3 4 5 6 9 10 12 13 14 16 17 18 20 21 22 23 24 25 27 | 27.0
Evocations     | 1 2 3 4 |  4.7
Invocations    | 1 2 3 4 5 6 7 9 11 13 | 13.4

Action                   |  1- 3 |  4- 6 |  7- 9 | 10-12 | 13-15 | 16-18 | 19-21 | 22-24 | 25-27 || total
-------------------------+-------+-------+-------+-------+-------+-------+-------+-------+-------++-------
Melee: Long sword        |   108 |   118 |   419 |   773 |   498 |       |       |       |       ||  1916
       Headbutt          |    15 |    32 |    87 |   189 |   353 |   325 |   513 |   855 |   775 ||  3144
       Double sword      |       |       |       |       |  1065 |  1331 |  1285 |       |       ||  3681
       Scimitar          |       |       |       |       |       |       |   383 |  1553 |    88 ||  2024
       Demon blade       |       |       |       |       |       |       |       |   985 |       ||   985
       Triple sword      |       |       |       |       |       |       |       |       |  1985 ||  1985
Invok: Heroism           |       |       |     1 |     6 |     7 |    17 |    17 |    19 |    28 ||    95
       Finesse           |       |       |       |       |       |    11 |    13 |    16 |    26 ||    66
 Abil: Evoke Invisibilit |       |       |       |     1 |       |       |       |     1 |       ||     2
       Blink             |       |       |       |       |       |     1 |     2 |       |       ||     3
       Evoke Flight      |       |       |       |       |       |       |     2 |       |       ||     2
Evoke: Wand              |       |       |     3 |     5 |    24 |    31 |     8 |     4 |     6 ||    81
  Use: Potion            |       |     1 |    19 |     4 |     4 |    18 |     8 |     8 |    14 ||    76
       Scroll            |       |       |    20 |     4 |     4 |    14 |    23 |     7 |    19 ||    91
 Stab: Invisible         |       |       |     2 |       |       |       |       |       |     3 ||     5
  Eat: Bread ration      |       |     1 |     4 |     2 |     2 |     2 |     4 |     3 |     7 ||    25
       Chunk             |       |       |       |     4 |       |    12 |       |     1 |       ||    17
       Fruit             |       |       |       |    13 |    32 |     2 |     8 |     3 |     3 ||    61
       Pizza             |       |       |       |     1 |       |     2 |     2 |       |     2 ||     7
       Beef jerky        |       |       |       |     1 |     1 |     2 |     1 |     4 |     5 ||    14
       Meat ration       |       |       |       |       |       |     2 |     1 |     3 |       ||     6
       Royal jelly       |       |       |       |       |       |     4 |     1 |     1 |     1 ||     7
Armor: Scale mail        |    27 |    27 |    50 |   173 |   251 |       |       |       |       ||   528
       Plate armour      |       |       |    69 |     5 |   132 |   550 |   443 |   321 |   213 ||  1733
       Gold dragon armou |       |       |       |       |       |       |       |       |   466 ||   466
Dodge: Dodged            |    40 |    30 |   108 |   271 |   532 |   557 |   471 |   675 |  1677 ||  4361
       Deflected         |       |       |       |       |       |       |     5 |    50 |    59 ||   114
Block: Shield            |    49 |    48 |   220 |   442 |   889 |   403 |       |       |       ||  2051
       Buckler           |       |       |       |       |       |   267 |       |       |       ||   267
       Large shield      |       |       |       |       |       |   288 |  1701 |  2419 |    71 ||  4479
       Reflection        |       |       |       |       |       |    19 |    81 |   193 |     2 ||   295
